 Dungeon Crawl Stone Soup version 0.19.1 (webtiles) character file.

4027 Milesaru the Grappler (level 10, -18/100 HPs)
             Began as a Troll Monk on Dec 17, 2016.
             Was a Priest of Okawaru.
             Demolished by a tentacled starspawn (21 damage)
             ... on level 1 of the Abyss.
             The game lasted 00:14:17 (5876 turns).

Milesaru the Grappler (Troll Monk)                  Turns: 5876, Time: 00:14:18

Health: -18/100    AC:  6    Str: 21    XL:     10   Next: 4%
Magic:  17/18      EV: 14    Int:  6    God:    Okawaru [***...]
Gold:   363        SH:  4    Dex: 15    Spells: 0 memorised, 9 levels left

rFire  . . .     SeeInvis .       - Unarmed
rCold  . . .     Gourm    +     a - +0 robe
rNeg   + . .     Faith    .     (no shield)
rPois  +         Spirit   .     (helmet restricted)
rElec  .         Reflect  +     p - +0 cloak {rPois}
rCorr  .         Harm     .     (gloves unavailable)
MR     .....                    (boots unavailable)
Stlth  +++.......               w - +4 amulet of reflection
                                I - ring of positive energy
                                x - ring of magical power

@: lethally poisoned (-18 -> -19), heroism, slowed, constricted, very slow
A: unfitting armour, claws 3, fast metabolism 3, gourmand, regeneration 1,
shaggy fur 1, tough skin 2
a: Heroism, Renounce Religion


You were on level 1 of the Abyss.
You worshipped Okawaru.
Okawaru was most pleased with you.
You were very full.

You visited 1 branch of the dungeon, and saw 9 of its levels.
You visited the Abyss 1 time.

You collected 363 gold pieces.

Inventory:

Armour
 a - a +0 robe (worn)
 p - a +0 cloak of poison resistance (worn)
Jewellery
 w - a +4 amulet of reflection (around neck)
 x - a ring of magical power (left claw)
 I - a ring of positive energy (right claw)
Wands
 q - a wand of disintegration (14/24)
 s - a wand of heal wounds (2/9)
 y - a wand of slowing (22/48)
 D - a wand of lightning (7/15)
Scrolls
 c - a scroll of amnesia {unknown}
 h - a scroll of silence {unknown}
 j - 3 scrolls of blinking
 l - 3 scrolls of teleportation
 m - 2 scrolls of immolation {unknown}
 n - 3 scrolls of recharging
 r - 2 scrolls of enchant armour {unknown}
 v - 8 scrolls of remove curse
 z - a scroll of enchant weapon {unknown}
 B - 2 scrolls of noise {unknown}
 F - 2 scrolls of identify
Potions
 d - 2 potions of brilliance {unknown}
 e - 2 potions of heal wounds {unknown}
 i - 2 potions of haste {unknown}
 o - 8 potions of curing {unknown}
 t - 3 potions of flight {unknown}
 A - a potion of invisibility
 C - a potion of mutation {unknown}
 E - a potion of ambrosia {unknown}
 H - a potion of magic {unknown}
Comestibles
 b - 6 bread rations
 f - a beef jerky
 g - 3 meat rations
 k - a royal jelly
 u - a slice of pizza
 G - 8 chunks of flesh


   Skills:
 + Level 6.4(11.4) Fighting
 + Level 6.7(11.7) Dodging
 - Level 1.2(6.2) Stealth
 * Level 10.5(15.5) Unarmed Combat


You had 9 spell levels left.
You didn't know any spells.

Dungeon Overview and Level Annotations

Branches:
Dungeon (9/15)             Temple (0/1) D:7            Lair (0/6) D:9
    Orc: D:9-12

Altars:
Gozag
Kikubaaqudgha
Nemelex Xobeh
Okawaru
Xom
Yredelemnul

Annotations:
D:9 Erolcha


Innate Abilities, Weirdness & Mutations

You are too large for most types of armour.
You have claws for hands.
Your metabolism is lightning-fast.
You like to eat raw meat.
Your natural rate of healing is unusually fast.
You are covered in fur. (AC +1)
You have very tough skin. (AC +2)


Message History

Zapping:
s - a wand of heal wounds (3/9)
Press: ? - help, Shift-Dir - straight line, f - you You feel much better.
This wand has 2 charges left.
You feel sick.
The tentacled starspawn closely misses you.
The tentacled starspawn misses you. The green death barely misses you.
The starspawn tentacle misses you. The tentacled starspawn bites you!!
* * * LOW HITPOINT WARNING * * *
The tentacled starspawn engulfs you.
* * * LOW HITPOINT WARNING * * *
You mangle the tentacled starspawn!!
The tentacled starspawn is severely damaged.
The starspawn tentacle grabs you.
* * * LOW HITPOINT WARNING * * *
The starspawn tentacle constricts you. The green death gestures at you.
The poison arrow misses you.
The poison arrow hits the starspawn tentacle.
The starspawn tentacle partially resists.
The tentacled starspawn bites you!!
You die...

. .. ..# .# ..
.#####2 #####
##..... . ## #...##
######2.# . ## ..#
#.#..@#..# #.. .
.#.#.wwX#...#
.#..#.#.#...V..
#... ..#
.##....#.......##.#
. ## ##.#..#...#.#.
. .# . .
#.....#..#..#..##
#....#########
..#..# .##.....
.##. . ...### .. ..
###


You could see a tentacled starspawn, a green death and 2 starspawn tentacles.

Vanquished Creatures
  The ghost of Arnot the Cleaver, a novice MiFi of Okawaru (D:8)
  Pikel (D:8)
  A demonic crawler (Abyss:1)
  Sigmund (D:4)
  A wraith (Abyss:1)
  Menkaure (D:7)
  An orc warrior (D:8)
  An ice beast (D:8)
  4 centaurs
  A crocodile (D:9)
  A big kobold (D:8)
  2 bullfrogs
  A wyvern zombie (D:8)
  2 scorpions
  2 howler monkeys
  A bullfrog zombie (D:6)
  3 crimson imps
  6 hounds
  5 orc priests
  Crazy Yiuf (D:2)
  A bullfrog skeleton (D:6)
  Ijyb (D:2)
  7 orc wizards
  4 worker ants
  A killer bee zombie (D:9)
  A hound zombie (D:8)
  A worker ant zombie (D:6)
  Robin (D:2)
  4 gnolls
  14 adders
  A shadow imp (D:8)
  2 oozes
  An adder zombie (D:6)
  An adder skeleton (D:4)
  5 worms
  2 dart slugs
  5 leopard geckos
  23 orcs
  4 giant cockroaches
  12 goblins
  14 hobgoblins
  3 jackals
  16 kobolds
  4 quokkas
  A ball python (D:4)
  13 bats
  7 frilled lizards
  A jackal skeleton (D:6)
  A leopard gecko skeleton (D:4)
  A leopard gecko zombie (D:6)
  13 rats
202 creatures vanquished.

Vanquished Creatures (others)
  An ogre (D:8)
1 creature vanquished.

Grand Total: 203 creatures vanquished

Notes
Turn   | Place    | Note
-------+----------+-------------------------------------------
     0 | D:1      | Milesaru the Troll Monk began the quest for the Orb.
     0 | D:1      | Reached XP level 1. HP: 22/22 MP: 0/0
     3 | D:1      | Noticed an electric eel
     3 | D:1      | Noticed an electric eel
   194 | D:1      | Reached XP level 2. HP: 22/29 MP: 1/1
   452 | D:1      | Reached XP level 3. HP: 26/36 MP: 2/2
  1009 | D:2      | Noticed Robin
  1051 | D:2      | Reached XP level 4. HP: 17/44 MP: 3/3
  1057 | D:2      | Killed Robin
  1220 | D:2      | Reached skill level 4 in Unarmed Combat
  1547 | D:2      | Found a runed door.
  1551 | D:2      | Noticed Crazy Yiuf
  1558 | D:2      | Killed Crazy Yiuf
  1558 | D:2      | Reached XP level 5. HP: 52/52 MP: 4/4
  1593 | D:2      | Noticed Ijyb
  1603 | D:2      | Killed Ijyb
  1738 | D:2      | Found an ancient bone altar of Kikubaaqudgha.
  2470 | D:4      | Reached skill level 5 in Unarmed Combat
  2470 | D:4      | Reached XP level 6. HP: 57/61 MP: 5/5
  2944 | D:4      | Noticed Sigmund
  2952 | D:4      | Killed Sigmund
  2952 | D:4      | Reached skill level 6 in Unarmed Combat
  2952 | D:4      | Reached XP level 7. HP: 68/68 MP: 6/6
  3200 | D:5      | Entered Level 5 of the Dungeon
  3462 | D:5      | Found a basalt altar of Yredelemnul.
  3738 | D:6      | Reached skill level 7 in Unarmed Combat
  3824 | D:6      | Reached XP level 8. HP: 69/78 MP: 7/7
  3825 | D:6      | Found an iron altar of Okawaru.
  3831 | D:6      | Became a worshipper of Warmaster Okawaru
  3831 | D:6      | Reached * piety under Okawaru
  3831 | D:6      | Reached ** piety under Okawaru
  3840 | D:6      | Found a shimmering altar of Xom.
  3932 | D:6      | Found an opulent altar of Gozag.
  4087 | D:6      | Found a sparkling altar of Nemelex Xobeh.
  4288 | D:7      | Reached skill level 5 in Dodging
  4315 | D:7      | Found a staircase to the Ecumenical Temple.
  4317 | D:7      | Noticed Menkaure
  4336 | D:7      | HP: 3/79 [Menkaure (16)]
  4340 | D:7      | Killed Menkaure
  4602 | D:7      | Reached skill level 8 in Unarmed Combat
  4757 | D:7      | Reached skill level 5 in Fighting
  4999 | D:8      | Noticed Pikel
  5008 | D:8      | Killed Pikel
  5008 | D:8      | Reached *** piety under Okawaru
  5008 | D:8      | Reached skill level 9 in Unarmed Combat
  5008 | D:8      | Reached XP level 9. HP: 76/88 MP: 8/8
  5068 | D:8      | Noticed Arnot's ghost (novice MiFi)
  5080 | D:8      | Killed Arnot's ghost
  5443 | D:8      | Reached skill level 10 in Unarmed Combat
  5697 | D:9      | Found a staircase to the Lair.
  5767 | D:9      | Noticed Erolcha
  5767 | D:9      | Cast into level 1 of the Abyss (Erolcha)
  5823 | Abyss:1  | Noticed a demonic crawler
  5831 | Abyss:1  | Noticed a tentacled starspawn
  5837 | Abyss:1  | Killed a demonic crawler
  5837 | Abyss:1  | Reached XP level 10. HP: 82/100 MP: 9/9
  5864 | Abyss:1  | Noticed a green death
  5869 | Abyss:1  | Reached **** piety under Okawaru
  5871 | Abyss:1  | Noticed a tentacled starspawn
  5875 | Abyss:1  | HP: 5/100 [tentacled starspawn (6)]
  5876 | Abyss:1  | Demolished by a tentacled starspawn

Skill      XL: |  1  2  3  4  5  6  7  8  9 |
---------------+----------------------------+-----
Dodging        | 3 4 5 6 |  6.7
Unarmed Combat | 4 5 6 7 9 10 | 10.5
Fighting       | 3 4 5 6 |  6.4
Stealth        | |  1.2

Action                   |  1- 3 |  4- 6 |  7- 9 | 10-12 || total
-------------------------+-------+-------+-------+-------++-------
Melee: Unarmed           |   116 |   199 |   267 |     9 ||   591
       Punch             |     1 |     6 |    10 |       ||    17
Invok: Heroism           |       |       |     3 |     1 ||     4
Evoke: Wand              |       |       |     5 |     2 ||     7
  Use: Scroll            |       |       |     5 |       ||     5
 Stab: Sleeping          |     1 |     3 |    10 |       ||    14
  Eat: Chunk             |     8 |    25 |    26 |       ||    59
Armor: Robe              |    43 |    82 |    56 |     1 ||   182
Dodge: Dodged            |    61 |   118 |   134 |    10 ||   323
Block: Other             |       |       |    28 |       ||    28
